Unix xNetHack Version 7.1.0 - last build Dec 11 2022 15:18:36 (91bc4d2507b4b34ac92889b06d50a936f6bde808). Game began 2022-12-26 21:55:03, ended 2022-12-27 23:56:47. UristMcRaven, chaotic female elven Wizard -------- ----- ####-......| #-...| -------- -------- ## |......| #|...| |......| |~.....|######|......| ##|...| |......| |......|# #-......| # |...| |......| |.......# |......| # |...| |......|####.......*# ........ ## ---.- --------- |......-# -------- ## ## # |.....(..# -----|-- # #### # |....<..|# # # # # # |.......|## # #### ## # --------- # # # #### # # ## # ------|--- # # #### # |......%.| #### # #-.----.------- |......Q.-## ####### # #|............| |........| -|-.- |............| ---------- |...| |............| |~{%| -------------- ----- UristMcRaven the Thaumaturge St:10 Dx:11 Co:16 In:20 Wi:13 Ch:10 Chaotic Dlvl:10 $:574 HP:0(57) Pw:70(93) AC:3 Xp:8/2193 T:9142 Latest messages: o - an uncursed pink potion {20}. l - a shining spellbook {45}. V - an uncursed scroll labeled VE FORBRYDERNE {5}. R - an uncursed scroll labeled YUM YUM {5}. K - an uncursed scroll labeled ETAOIN SHRDLU {5}. I - a blessed scroll labeled MAPIRO MAHAMA DIROMAT {5}. j - an uncursed unlabeled scroll {5}. e - 2 uncursed scrolls of teleportation {10}. c - an uncursed scroll labeled LEP GEX VEN ZEA {5}. a - a scroll labeled PRIRUTSENIE {5}. d - a blessed spellbook of magic missile {40}. F - an uncursed spellbook of turn undead {40}. Z - an uncursed wand of lightning {7}. T - an uncursed wand of striking {7}. S - an uncursed wand of magic missile {7}. w - an uncursed glass wand {7}. s - an iron wand {7}. H - 17 uncursed darts {17}. x - 2 uncursed daggers {20}. k - an uncursed copper dagger {10}. i - an uncursed elven dagger {10}. p - an uncursed wooden elven dagger {3}. f - an uncursed +1 cloak of displacement {10}. y - 4 uncursed food rations {80}. h - an uncursed leather drum {25}. z - an uncursed paper bag of tricks {7}. t - an uncursed stone called luckstone {10}. Where do you want to travel to? (For instructions type a '?') It hits! In what direction? The spell misses it. It lashes you! In what direction? The magic missile hits it! The magic missile bounces! The magic missile hits it! It lashes you! In what direction? You kill it! The magic missile bounces! The magic missile hits you! Some missiles bounce off! It lashes you! You die... Do you want your possessions identified? [ynq] (y) Do you want to see your attributes? [ynq] (y) Do you want an account of creatures vanquished? [ynaq] (y) Do you want to see your conduct and achievements? [ynq] (y) Do you want to see the dungeon overview? [ynq] (y) Major events: Turn 1: UristMcRaven the chaotic female elven Wizard entered the dungeon 660: entered the Gnomish Mines 1111: attained the rank of Conjurer (level 3) 2276: attained the rank of Thaumaturge (level 6) 2517: reached Mine Town 7889: entered Sokoban 9142: killed by an invisible stalker Inventory: Inventory: 588/700 weight (38/52 slots) Coins ('$') $ - 574 gold pieces {6} Weapons (')') i - an uncursed +0 elven dagger {10} k - an uncursed +0 copper dagger {10} p - an uncursed +0 wooden elven dagger {3} x - 2 uncursed +0 daggers {20} H - 17 uncursed +0 darts {17} Armor ('[') b - an uncursed +0 cloak of magic resistance (being worn) {8} f - an uncursed +1 cloak of displacement {10} B - an uncursed +1 leather light armor (being worn) {113} L - an uncursed +0 pair of mithril dwarvish boots (being worn) {24} Comestibles ('%') q - an uncursed apple {2} v - an uncursed slime mold {5} y - 4 uncursed food rations {80} E - 2 uncursed candy bars labeled "Crispy Yum Yum" {4} Scrolls ('?') a - a blessed scroll of create monster {5} c - an uncursed scroll of light {5} e - 2 uncursed scrolls of teleportation {10} j - an uncursed scroll of blank paper {5} I - a blessed scroll of remove curse {5} K - an uncursed scroll of genocide {5} R - an uncursed scroll of magic mapping {5} V - an uncursed scroll of gold detection {5} Spellbooks ('+') d - a blessed spellbook of magic missile {40} l - an uncursed spellbook of restore ability {45} F - an uncursed spellbook of turn undead {40} Wands ('/') s - an uncursed wand of digging (0:7) {7} w - an uncursed wand of sleep (0:8) {7} S - an uncursed wand of magic missile (0:6) {7} T - an uncursed wand of striking (0:1) {7} Z - an uncursed wand of lightning (0:7) {7} Potions ('!') o - an uncursed potion of confusion {20} Tools ('(') g - an uncursed blindfold {2} h - an uncursed leather drum {25} m - a cursed credit card {1} r - an uncursed tin opener {4} z - an uncursed paper bag of tricks (0:12) {7} Gems/Stones ('*') t - an uncursed luckstone {10} u - an uncursed worthless piece of red glass {1} G - an uncursed worthless piece of green glass {1} UristMcRaven the Wizard's attributes: Background: You were a Thaumaturge, a level 8 female elven Wizard. You were chaotic, on a mission for Anhur who was opposed by Ptah (lawful) and Thoth (neutral). You were heterosexual. You were in the Dungeons of Doom, on level 10. You entered the dungeon 9142 turns ago. It was nighttime. You had 2193 experience points, 367 more were needed to attain level 9. Basics: You had 0 out of 57 hit points. You had 70 out of 93 energy points (spell power). Your armor class was 3. Your wallet contained 574 zorkmids. Autopickup was on for '$"=/!?+' plus thrown, with exceptions. Final Characteristics: Your strength was 10 (limit:18). Your dexterity was 11 (limit:18). Your constitution was 16 (limit:16). Your intelligence was 20 (limit:20). Your wisdom was 13 (limit:20). Your charisma was 10 (limit:18). Final Status: You were not hungry. You were unencumbered. You were bare handed. You were unskilled in bare handed combat. Final Attributes: You were piously aligned. You were magic-protected. You were cold resistant. You were sleep resistant. You had infravision. You were warded. You were harmed by iron. You were lucky. You had extra luck. Bad luck did not time out for you. Good luck did not time out for you. You are dead. Miscellaneous: You disabled loading of bones levels. Total elapsed playing time was 1 hour, 22 minutes and 13 seconds. Vanquished creatures: a wumpus a stalker 4 wargs a freezing sphere a leather golem a scorpion a horse a vampire bat a gnome ruler a yeti 2 chickatrices a jaguar a blue jelly 2 water nymphs a dust vortex a raven a snake 5 apes a human zombie a fire ant an orc shaman a rock piercer 2 rock moles 2 ponies 2 yellow lights a violet fungus 5 gnome leaders 2 gnomish wizards 3 gray oozes 2 elf zombies 3 giant ants a floating eye 8 dwarves a homunculus 2 kobold leaders 6 rothes 2 rabid rats a giant bat a monkey a dwarf zombie a wererat a werejackal 2 iguanas 5 acid blobs a coyote a gas spore 5 hobbits a hobgoblin 2 giant rats a cave spider 2 brown molds 2 red molds 34 gnomes a garter snake a gecko 3 jackals a fox a goblin 2 sewer rats a grid bug a bat 6 lichens a kobold zombie 4 newts 156 creatures vanquished. No species were genocided or became extinct. Voluntary challenges: You never hit with a wielded weapon. You read items or engraved 8 times. You never genocided any monsters. You never polymorphed an object. You never changed form. You never touched an artifact. You used no wishes. You never owned a pet. You were celibate. You never generated conflict. You did not violate any of the special Sokoban rules. Achievements: You entered a shop. You entered the Gnomish Mines. You attained the rank of Conjurer. You attained the rank of Thaumaturge. You entered Minetown. You entered a temple. You entered Sokoban. The Dungeons of Doom: levels 1 to 11 Level 1: Level 2: A fountain, a tree. Level 3: An armor shop, an altar, many fountains. Stairs down to The Gnomish Mines. Level 4: An altar, some fountains. Level 5: A fountain. Level 6: Some fountains. Level 7: An altar, a fountain. Level 8: Many fountains. Level 9: A fountain, a sink. Stairs up to Sokoban, level 8. Level 10: <- You were here. A fountain. Final resting place for you, killed by an invisible stalker. Level 11: The Gnomish Mines: levels 4 to 8 Level 4: Level 5: Level 6: Level 7: Some shops, a temple, some fountains. Level 8: Sokoban: Level 8: Unsolved. Game over: __________ / \ / REST \ / IN \ / PEACE \ / \ | UristMcRaven | | 574 Au | | killed by an | | invisible | | stalker | | | | 2022 | *| * * * | * _________)/\\_//(\/(/\)/\//\/|_)_______ Goodbye UristMcRaven the Wizard... You died in The Dungeons of Doom on dungeon level 10 with 9819 points, and 574 pieces of gold, after 9142 moves. You were level 8 with a maximum of 57 hit points when you died.